AoeStats
← Doak

African Clearing

506739320Analyzed
3v3 RM · 18d ago on Sep 14, 2026· 50m 50s· 6 players
Game mode
Random Map
Map size
Normal (6 player)
Population
200
Speed
Normal
Resources
Standard
Victory
Conquest
Starting age
Dark Age
Ending age
Imperial Age
RankedLock teamsTeams togetherTeam positionsShared explorationLock speedFull tech treeHidden civsTurbo modeCheats
Victory
Defeat
🇨🇱 Koreans · Chile
1427
+17
🇲🇴 Berbers · Macao SAR China
1423
+17
🇭🇺 Bengalis · Hungary
1420
+17
🇺🇸 Berbers · United States
1515
-20
🇬🇧 Koreans · United Kingdom
1411
-16
🇺🇸 Mongols · United States
1393
-15
Bl++d
2:57 Loom
12:54 Feudal Age
15:23 Double-Bit Axe
15:54 Forging
22:45 Castle Age
21:19 Horse Collar
24:08 Wheelbarrow
23:47 Bow Saw
24:02 Fletching
24:37 Heavy Plow
25:24 Ballistics
25:13 Husbandry
26:14 Padded Archer Armor
26:37 Bodkin Arrow
31:18 Leather Archer Armor
32:34 Hand Cart
35:02 Paiks
35:07 Scale Barding Armor
35:59 Bloodlines
36:56 Chain Barding Armor
38:19 Iron Casting
42:31 Imperial Age
43:30 Bracer
44:01 Ring Archer Armor
43:06 Elite Ratha (Ranged)
44:08 Conscription
45:44 Chemistry
45:24 Plate Barding Armor
47:05 Blast Furnace
45:56 Siege Elephant
49:09 Crop Rotation
49:41 Two-Man Saw
Tyrant
9:01 Loom
12:02 Feudal Age
13:01 Double-Bit Axe
15:18 Fletching
23:45 Castle Age
23:49 Elite Skirmisher
dont help
5:18 Loom
14:18 Feudal Age
14:57 Double-Bit Axe
14:53 Horse Collar
19:16 Forging
23:31 Castle Age
21:26 Gold Mining
22:28 Bloodlines
23:15 Scale Barding Armor
24:38 Chain Barding Armor
25:07 Heavy Plow
27:36 Husbandry
28:31 Stone Mining
29:56 Iron Casting
33:04 Bow Saw
38:02 Wheelbarrow
41:10 Gold Shaft Mining
43:54 Hand Cart
46:53 Imperial Age
44:45 Town Watch
47:31 Stone Shaft Mining
47:58 Conscription
47:02 Heavy Camel Rider
48:23 Plate Barding Armor
48:48 Blast Furnace
47:34 Capped Ram
48:26 Town Patrol
50:41 Ballistics
51:22 Chemistry
Almost600
6:11 Loom
13:23 Feudal Age
15:56 Double-Bit Axe
16:34 Stone Mining
18:55 Castle Age
22:49 Fletching
26:39 Bow Saw
29:17 Padded Archer Armor
30:50 Husbandry
46:05 Horse Collar
some.spiced.ham
9:18 Loom
13:07 Feudal Age
13:45 Double-Bit Axe
25:29 Castle Age
24:01 Fletching
25:03 Stone Mining
27:16 Forging
27:12 Scale Barding Armor
27:39 Bow Saw
29:26 Husbandry
31:34 Bloodlines
43:59 Horse Collar
45:37 Iron Casting
45:23 Chain Barding Armor
48:18 Wheelbarrow
Doak
5:51 Loom
13:17 Feudal Age
17:23 Castle Age
15:45 Double-Bit Axe
20:25 Fletching
25:12 Bow Saw
30:35 Bodkin Arrow
31:20 Wheelbarrow
32:06 Ballistics
42:52 Husbandry
43:24 Hand Cart
46:22 Imperial Age
46:12 Thumb Ring
47:03 Bracer
48:06 Chemistry
Connection lost

Rejoining the realm…

Still unreachable

The connection could not be restored.

Session expired

The server has moved on; the page needs a fresh start.